Map: 国王藏宝地-天梯版

Players

SortOf

  • Race: Zerg Zerg
  • League: Master
  • Spawn Location: 5:00

llllllllllll (Oliveira) - Winner!

  • Race: Terran Terran
  • League: Master
  • Spawn Location: 11:00

Event: 2019 Assembly Summer

VOD

Have the link to the VOD?

Description

Time

  • Played on: Aug. 1, 2019, 10:25 a.m.
  • Length: 20:08

All games in this series

Show
View Real Time Build Order
Export as new Build Order

SortOf Zerg 

Build Orders: Hatch First 

Get SALT Encoding   

  12  0:01  Drone  
  13  0:13  Overlord  
  13  0:18  Drone  
  14  0:32  Drone x2  
  16  0:50  Hatchery  
  16  0:53  Drone  
  16  0:56  Drone  
  17  1:00  Drone  
  18  1:10  Extractor  
  17  1:17  Spawning Pool  
  16  1:21  Drone  
  16  1:22  Drone  
  18  1:29  Drone  
  20  1:40  Drone  
  20  1:52  Overlord  
  20  2:04  Queen  
  20  2:05  Roach Warren, Queen  
  23  2:09  Zergling x2  
  23  2:12  Zergling x2  
  25  2:19  Overlord  
  25  2:25  Zergling x2  
  26  2:45  Roach x4  
  26  2:47  Roach  
  35  2:58  Drone  
  35  3:06  Overlord  
  35  3:07  Roach  
  35  3:10  Ravager  
  38  3:14  Drone  
  39  3:20  Drone  
  40  3:27  Drone x3  
  40  3:32  Drone  
  44  3:40  Drone  
  45  3:46  Overlord  
  45  3:47  Drone  
  46  3:53  Metabolic Boost  
  46  3:56  Drone  
  46  3:57  Drone  
  46  4:01  Drone  
  47  4:13  Drone x4  
  48  4:27  Queen  
  48  4:29  Drone  
  51  4:34  Hatchery  
  46  4:41  Drone x6  
  46  4:45  Drone x2  
  50  4:52  Queen  
  50  4:58  Evolution Chamber  
  50  4:59  Evolution Chamber  
  50  5:05  Zergling x10  
  55  5:10  Overlord x2  
  54  5:24  Overlord  
  54  5:27  Zerg Ground Armor Level 1, Zerg Melee Weapons Level 1  
  54  5:31  Drone x5  
  59  5:35  Queen  
  59  5:39  Drone  
  59  5:40  Drone  
  59  5:41  Drone  
  64  5:45  Baneling Nest  
  62  5:51  Drone x4  
  62  5:56  Drone x2, Extractor x2  
  66  6:04  Overlord  
  66  6:08  Drone x6  
  66  6:11  Extractor  
  70  6:16  Zergling x8  
  74  6:21  Roach  
  74  6:22  Roach x2  
  74  6:25  Queen  
  80  6:27  Zergling x2  
  80  6:28  Zergling x4  
  80  6:32  Lair  
  85  6:36  Drone x3  
  88  6:44  Overlord, Queen  
  90  6:48  Baneling x6  
  90  6:49  Baneling x2  
  90  6:54  Overlord  
  90  6:55  Overlord  
  90  6:56  Overlord  
  90  7:05  Zergling x16  
  98  7:12  Drone, Queen  
  98  7:13  Drone  
  98  7:14  Drone x4  
  106  7:19  Drone x2  
  106  7:22  Extractor  
  105  7:24  Drone x3  
  108  7:33  Zerg Melee Weapons Level 2, Zerg Ground Armor Level 2  
  108  7:36  Centrifical Hooks  
  108  7:42  Hatchery  
  108  7:43  Extractor  
  106  7:45  Zergling x6  
  106  7:47  Overlord  
  109  7:52  Infestation Pit  
  108  8:00  Zergling x20  
  108  8:02  Baneling x5  
  108  8:03  Baneling  
  118  8:06  Overlord, Ravager  
  119  8:13  Zergling x4  
  119  8:14  Zergling x6  
  119  8:15  Ravager x2  
  126  8:21  Zergling x4  
  126  8:22  Zergling x2  
  125  8:27  Zergling x8  
  125  8:33  Overlord  
  127  8:45  Zergling x2  
  127  8:46  Zergling x14  
  134  8:53  Overlord  
  121  8:56  Hive  
  121  8:57  Drone x4  
  121  8:58  Drone x4  
  129  9:04  Zergling x12  
  129  9:09  Overlord  
  135  9:11  Hatchery, Baneling x14  
  134  9:20  Zergling x8  
  136  9:28  Spore Crawler  
  135  9:34  Overlord  
  135  9:36  Baneling x4  
  135  9:37  Baneling x4  
  135  9:38  Spore Crawler  
  135  9:39  Zergling x26  
  145  9:51  Drone x2  
  145  9:52  Drone  
  148  9:56  Overlord  
  148  9:58  Overlord  
  150  10:07  Zergling x8  
  150  10:08  Ultralisk Cavern, Zerg Melee Weapons Level 3, Zerg Ground Armor Level 3  
  150  10:11  Zergling x8  
  150  10:12  Adrenal Glands  
  154  10:28  Viper  
  154  10:34  Spore Crawler  
  156  10:36  Zergling x4  
  156  10:37  Zergling x36  
  176  10:45  Extractor  
  175  10:58  Chitinous Plating  
  175  10:59  Overlord  
  175  11:00  Ultralisk, Zergling x26  
  187  11:15  Drone x2  
  187  11:17  Zergling x14  
  187  11:18  Zergling x8  
  159  11:36  Drone x4  
  159  11:37  Drone x2  
  143  11:46  Nydus Network  
  139  11:50  Drone x3  
  140  11:55  Hatchery  
  140  12:00  Drone x3  
  142  12:04  Baneling x19  
  141  12:14  Overseer x2, Overlord  
  141  12:15  Overseer  
  140  12:23  Drone x2  
  140  12:25  Drone x4  
  140  12:26  Drone x2  
  148  12:31  Ultralisk, Zergling x6  
  157  12:47  Ultralisk, Zergling x2  
  157  12:48  Zergling x18  
  173  12:57  Drone x6  
  179  12:59  Pneumatized Carapace  
  179  13:03  Spire  
  174  13:10  Drone x3  
  174  13:11  Drone  
  172  13:13  Drone x2  
  172  13:14  Spore Crawler  
  173  13:22  Viper  
  175  13:33  Nydus Canal  
  171  13:43  Ultralisk, Zergling x22  
  158  13:58  Ultralisk  
  158  13:59  Ultralisk, Zergling x12  
  168  14:03  Nydus Canal  
  168  14:12  Nydus Canal  
  168  14:14  Drone x3  
  168  14:16  Drone  
  168  14:17  Drone  
  173  14:22  Zerg Flyer Weapons Level 1  
  173  14:27  Ultralisk, Zergling x2  
  173  14:29  Overseer, Nydus Canal  
  177  14:32  Zergling x26  
  177  14:37  Anabolic Synthesis  
  190  14:46  Nydus Canal  
  190  14:49  Zergling x18  
  193  15:00  Nydus Canal  
  193  15:02  Zergling x2  
  193  15:03  Zergling x14  
  195  15:08  Zergling x2  
  195  15:09  Zergling x2  
  195  15:10  Nydus Canal  
  190  15:21  Drone x8  
  185  15:23  Corruptor x6  
  189  15:37  Zergling x2  
  189  15:38  Zergling x10  
  189  15:41  Zergling x6  
  158  16:01  Zergling x12  
  152  16:04  Zergling x2  
  142  16:11  Corruptor x3  
  125  16:25  Hatchery  
  125  16:28  Ultralisk  
  125  16:29  Ultralisk, Zergling x8  
  140  16:36  Hatchery  
  132  16:53  Drone x3, Extractor  
  132  16:54  Ultralisk x2, Drone x2  
  136  16:55  Zergling x12  
  136  16:59  Extractor  
  147  17:02  Baneling x6  
  147  17:09  Zergling x10  
  152  17:16  Zergling x6  
  152  17:22  Baneling x5  
  155  17:23  Overseer, Baneling x2  
  155  17:25  Extractor  
  151  17:32  Zergling x10  
  156  17:43  Zergling x14  
  163  17:49  Baneling x7  
  158  17:57  Zergling x10  
  163  18:00  Hatchery  
  163  18:01  Nydus Canal  
  162  18:12  Zergling x24  
  160  18:24  Corruptor x4  
  160  18:25  Corruptor  
  157  18:30  Viper x3  
  151  18:35  Nydus Canal  
  151  18:43  Hatchery  
  151  18:47  Zergling x12  
  156  18:52  Nydus Canal  
  155  18:59  Baneling  
  155  19:00  Baneling x7  
  147  19:11  Queen x2  
  147  19:13  Drone x3  
  147  19:15  Drone x7  
  161  19:23  Zergling x12  
  166  19:33  Zergling x4  
  166  19:34  Zergling x10  
  166  19:37  Baneling x6  
Show
View Real Time Build Order
Export as new Build Order

llllllllllll Terran - Winner!

Build Orders:  

Get SALT Encoding   

  12  0:00  SCV  
  13  0:12  SCV  
  14  0:20  Supply Depot  
  14  0:25  SCV  
  15  0:43  Barracks  
  15  0:51  Barracks  
  15  0:55  SCV  
  16  1:02  Refinery  
  16  1:07  SCV  
  17  1:19  SCV  
  18  1:29  Marine  
  18  1:32  Orbital Command  
  19  1:37  Marine  
  20  1:44  Bunker  
  20  1:47  Marine  
  20  1:52  Supply Depot  
  21  1:57  SCV  
  21  2:00  Reaper  
  23  2:13  Reaper, SCV  
  25  2:25  SCV  
  26  2:38  Command Center  
  26  2:42  SCV  
  27  2:53  Factory  
  27  2:54  SCV  
  28  3:06  SCV  
  28  3:08  Refinery  
  29  3:17  Bunker  
  29  3:18  SCV  
  30  3:30  SCV  
  31  3:38  Factory Tech Lab  
  31  3:40  Starport  
  31  3:50  SCV  
  31  3:51  Orbital Command  
  32  3:57  Cyclone, Command Center  
  32  4:02  SCV  
  34  4:14  SCV  
  34  4:15  Barracks Tech Lab  
  34  4:16  Marine  
  36  4:20  SCV  
  37  4:24  Viking  
  37  4:26  SCV  
  36  4:40  Marine  
  36  4:41  Stimpack  
  36  4:42  SCV  
  38  4:48  SCV  
  39  4:53  Barracks  
  39  4:54  SCV  
  39  4:58  Starport Reactor  
  40  5:00  Marine  
  40  5:02  Siege Tank  
  40  5:03  SCV  
  40  5:06  SCV  
  46  5:08  Marine  
  46  5:12  Orbital Command  
  47  5:15  SCV  
  47  5:18  Marine, SCV  
  50  5:26  Marine  
  50  5:27  SCV  
  50  5:30  SCV  
  50  5:33  Supply Depot  
  50  5:34  Siege Tank  
  54  5:39  SCV  
  54  5:42  SCV  
  56  5:43  SCV  
  56  5:45  Marine  
  56  5:46  Marine x2, Barracks Reactor  
  56  5:48  Starport Reactor  
  60  5:52  Supply Depot, SCV  
  60  5:54  SCV  
  60  5:56  Supply Depot  
  61  6:01  Engineering Bay x2  
  61  6:04  Supply Depot  
  61  6:10  Refinery  
  61  6:11  Refinery  
  61  6:14  Marine x2, SCV x2  
  61  6:17  Marine  
  66  6:20  Orbital Command  
  66  6:26  Marine, SCV x2  
  66  6:28  Terran Infantry Armor Level 1, Terran Infantry Weapons Level 1  
  66  6:32  Marine  
  69  6:34  Marine  
  69  6:37  Supply Depot  
  69  6:38  Marine, SCV x2  
  74  6:43  Barracks x2  
  74  6:45  Medivac x2  
  78  6:48  Marine  
  78  6:50  SCV x3  
  78  6:54  Marine  
  82  6:57  Marine  
  82  6:59  Supply Depot  
  84  7:02  SCV x3  
  84  7:03  Siege Tank  
  90  7:08  Marine  
  90  7:09  Marine x2, Combat Shield  
  93  7:21  Marine x2, SCV x3  
  93  7:22  Supply Depot x2  
  98  7:26  Marine, Medivac  
  101  7:32  Marine, Medivac  
  101  7:33  SCV  
  101  7:36  Supply Depot  
  106  7:39  SCV  
  106  7:42  Marine  
  106  7:44  Barracks Reactor  
  107  7:46  Armory  
  107  7:47  SCV x2  
  107  7:49  Supply Depot, Barracks Reactor  
  107  7:50  Marine  
  110  7:52  Refinery  
  110  7:53  Refinery  
  110  7:54  Marine  
  111  8:00  Marine  
  111  8:01  Siege Tank  
  111  8:02  SCV x2  
  117  8:10  Marine  
  119  8:12  SCV  
  119  8:14  SCV  
  119  8:17  Marine x2  
  122  8:21  Medivac  
  122  8:23  Command Center  
  122  8:26  Marine  
  125  8:28  Marine x3  
  125  8:30  Marine  
  125  8:32  Marine x2  
  131  8:34  Terran Infantry Weapons Level 2  
  131  8:35  Factory, Marine x2  
  132  8:42  SCV x3  
  132  8:44  Marine  
  132  8:45  Marine  
  132  8:46  Marine  
  128  8:52  Marine  
  128  8:54  Marine x3  
  132  8:56  Siege Tank  
  132  8:57  Medivac  
  132  8:58  Terran Vehicle Weapons Level 1  
  132  9:00  Terran Infantry Armor Level 2, SCV x2  
  132  9:01  Marine  
  140  9:06  Marine  
  140  9:07  Marine  
  141  9:13  Supply Depot x2  
  141  9:15  Marine x3  
  141  9:17  Supply Depot, Marine  
  144  9:19  Factory Tech Lab  
  144  9:23  Marine  
  147  9:26  Medivac  
  149  9:34  Liberator, Marine x3, Planetary Fortress, SCV  
  149  9:35  Supply Depot  
  149  9:37  Supply Depot, Marine  
  153  9:39  Liberator, Siege Tank  
  154  9:46  Marine x2, Siege Tank  
  161  9:54  Marine  
  161  9:55  Marine x2  
  166  10:00  SCV x2  
  166  10:04  Marine  
  166  10:05  Marine x2  
  171  10:07  Marine  
  171  10:08  Marine  
  171  10:09  Sensor Tower  
  171  10:10  SCV  
  171  10:12  Marine, SCV  
  176  10:20  Marine x2  
  178  10:24  Marine  
  178  10:25  Marine  
  178  10:26  Marine x2, SCV  
  183  10:30  Siege Tank  
  183  10:31  Marine x2  
  188  10:35  Medivac  
  188  10:38  Marine  
  188  10:39  Medivac  
  188  10:40  Marine  
  194  10:45  Marine  
  194  10:47  Marine  
  196  10:52  Barracks  
  196  10:53  Barracks x2  
  196  10:54  Command Center  
  194  10:57  Marine x2  
  194  11:00  Siege Tank  
  194  11:02  Marine  
  200  11:13  Marine  
  200  11:18  Marine x2, Siege Tank  
  180  11:19  Marine x3  
  180  11:24  Liberator  
  184  11:27  Marine x2  
  184  11:30  Liberator  
  184  11:32  Siege Tank  
  173  11:37  Marine x5  
  173  11:39  Marine  
  151  11:43  Terran Infantry Weapons Level 3, Barracks Tech Lab x3, Terran Infantry Armor Level 3  
  151  11:46  Marine x2  
  156  11:48  Marine  
  156  11:50  Siege Tank  
  160  11:55  Marine x4  
  161  12:02  Command Center  
  161  12:04  Marine x2, Marauder  
  165  12:13  Marine x3  
  165  12:14  Marine, Marauder x2  
  165  12:15  Siege Tank  
  177  12:17  Concussive Shells  
  177  12:18  Marine x2  
  177  12:19  Marauder  
  177  12:21  Marine  
  177  12:22  Marine  
  181  12:25  Marine  
  181  12:27  SCV  
  181  12:28  SCV  
  184  12:30  SCV  
  184  12:31  Marine x2  
  187  12:42  Marauder x3  
  193  12:46  Starport  
  193  12:47  Starport, Fusion Core  
  193  12:48  Terran Vehicle And Ship Armor Level 1  
  193  12:54  Planetary Fortress  
  193  13:01  Liberator  
  191  13:11  Siege Tank  
  192  13:15  Siege Tank  
  198  13:26  Orbital Command  
  198  13:28  Refinery x2  
  188  13:41  Liberator  
  188  13:45  Starport Reactor  
  185  13:57  Siege Tank  
  185  14:05  Liberator, Missile Turret  
  185  14:06  Refinery, Sensor Tower  
  185  14:07  Refinery, Missile Turret, Command Center x2, Liberator  
  185  14:08  Liberator  
  185  14:10  Missile Turret  
  185  14:24  Liberator  
  185  14:28  Starport Tech Lab  
  191  14:34  Missile Turret x2  
  191  14:40  Liberator  
  191  14:43  Command Center  
  191  14:44  Command Center  
  194  14:48  Liberator  
  194  14:50  Liberator  
  194  14:51  Liberator  
  187  14:59  Marine x2, Marauder  
  183  15:04  Marine x2, Marauder  
  183  15:06  Marine x2  
  183  15:07  Marauder  
  184  15:12  Marine  
  184  15:13  Marauder  
  188  15:17  Marine x2, SCV  
  188  15:19  Marine  
  188  15:21  Marine, Marauder  
  191  15:23  Liberator  
  191  15:25  Siege Tank  
  191  15:26  Marine  
  191  15:27  Marine, Marauder  
  192  15:31  Liberator, SCV x2  
  189  15:38  Marine x2  
  189  15:39  Marauder  
  191  15:43  Liberator  
  191  15:44  Marine  
  161  15:59  Marine  
  161  16:00  Marine x3, Siege Tank, Marauder x3  
  161  16:03  Marine, SCV  
  163  16:08  Marine x2  
  152  16:17  Marine  
  152  16:18  Marine x2  
  148  16:21  Marine, Marauder  
  148  16:22  Marauder  
  148  16:23  Marine x2  
  148  16:24  Marauder  
  149  16:25  Marine  
  149  16:32  Marine  
  147  16:36  Marine x2  
  147  16:40  Liberator, Marine x2  
  147  16:41  Liberator, Marine  
  147  16:43  Marine x2, Marauder x2  
  147  16:45  SCV  
  148  16:50  SCV x2  
  150  16:55  Marauder x2  
  150  17:00  Sensor Tower  
  160  17:02  Marine  
  160  17:03  Ghost Academy, SCV x2  
  160  17:07  Orbital Command  
  160  17:08  Planetary Fortress  
  164  17:11  SCV  
  164  17:14  Viking x2  
  168  17:15  Viking  
  168  17:22  Missile Turret  
  170  17:24  SCV  
  170  17:26  Marauder x2  
  174  17:30  SCV  
  174  17:31  Siege Tank x2  
  174  17:32  SCV  
  174  17:34  Marine x3  
  174  17:35  Marauder x2, SCV  
  174  17:36  SCV x3  
  193  17:40  Viking  
  195  17:48  Marine x2  
  195  17:49  Marauder  
  197  17:55  Viking  
  199  18:02  Marine  
  200  18:07  Refinery  
  200  18:08  Missile Turret  
  200  18:10  Missile Turret  
  200  18:17  Marine x2  
  200  18:18  Marauder x2  
  193  18:20  Ghost x2  
  193  18:26  Marine  
  193  18:27  Marine x2  
  165  18:28  Reaper  
  165  18:33  Marine x2  
  169  18:38  Ghost  
  169  18:39  Ghost  
  172  18:46  Liberator x2, Marine  
  173  18:49  Marine  
  173  18:50  Marauder x2  
  172  18:57  Marine  
  172  19:02  Marine x3  
  175  19:05  Marine x2  
  175  19:07  Viking, Ghost  
  175  19:08  Marauder  
  189  19:11  Marine  
  189  19:12  Marauder  
  189  19:14  Marine, Marauder  
  195  19:22  Marine x2  
  197  19:29  Marauder  
  199  19:38  Marine  
  192  19:56  Command Center  
Tags
 
Add a new tag
Caveats
  • Supply blocks, unpowered buildings, or Contaminate may cause inaccurate times.
  • Supply counts are checked every 10 seconds.